 Dungeon Crawl Stone Soup version 0.28.0-53-g5a82cb258f (webtiles) character file.

Game seed: 8303213751265213656

11106 rabbi the Destroyer (level 11, -7/55 HPs)
             Began as a Deep Elf Conjurer on June 30, 2022.
             Was a Believer of Sif Muna.
             Mangled by Harold
             ... wielding a +0 trident of venom
              (9 damage)
             ... on level 10 of the Dungeon on July 1, 2022.
             The game lasted 01:40:49 (12635 turns).

rabbi the Destroyer (Deep Elf Conjurer)            Turns: 12635, Time: 01:40:49

Health: -7/55      AC:  7    Str:  4    XL:     11   Next: 44%
Magic:  4/27       EV: 12    Int: 28    God:    Sif Muna [**....]
Gold:   373        SH:  0    Dex: 13    Spells: 9/30 levels left

rFire   . . .      SeeInvis .   M - staff of cold
rCold   + . .      Faith    .   (no shield)
rNeg    + . .      Spirit   .   a - +0 robe
rPois   .          Reflect  .   (no helmet)
rElec   .          Harm     .   d - +0 cloak
rCorr   .          Rampage  .   (no gloves)
Will    +....                   (no boots)
Stlth   ++........              i - amulet of magic regeneration
HPRegen 0.18/turn               c - ring of positive energy
MPRegen 0.60/turn               t - +4 ring of protection

@: lethally poisoned (-7 -> -12), marked, invisible
A: no striking features
a: Renounce Religion, Channel Magic


You were on level 10 of the Dungeon.
You worshipped Sif Muna.
Sif Muna was pleased with you.
You visited 2 branches of the dungeon, and saw 11 of its levels.
You also visited: Sewer.

You collected 671 gold pieces.
You spent 298 gold pieces at shops.

Inventory:

Hand Weapons
 f - a +3 dagger of venom
Missiles
 q - 5 curare-tipped darts
Armour
 a - a +0 robe (worn)
 d - a +0 cloak (worn)
 F - the +7 Kryia's mail coat {PotionHeal*2 rC+}
   (You found it on level 7 of the Dungeon)

   Potions are twice as effective at healing its wearer.
   rC:        It protects you from cold.
Magical Staves
 M - a staff of cold (weapon)
Jewellery
 c - a ring of positive energy (left hand)
 e - a ring of resist corrosion
 i - an amulet of magic regeneration (around neck)
 t - a +4 ring of protection (right hand)
 v - a +6 ring of dexterity
Wands
 p - a wand of mindburst (14)
 w - a wand of iceblast (18)
 y - a wand of digging (2)
 H - a wand of acid (7)
 J - a wand of flame (1)
Scrolls
 b - 3 scrolls of noise
 h - 3 scrolls of fog
 k - 2 scrolls of vulnerability
 m - 4 scrolls of teleportation
 r - a scroll of torment {unknown}
 s - 2 scrolls of summoning
 D - a scroll of magic mapping
 E - 2 scrolls of amnesia
 I - a scroll of immolation {unknown}
Potions
 j - 2 potions of resistance {unknown}
 l - a potion of degeneration {unknown}
 u - a potion of curing
 x - 2 potions of attraction
 z - a potion of cancellation {unknown}
 A - 2 potions of flight {unknown}
 B - a potion of haste {unknown}
 G - a potion of lignification {unknown}
Miscellaneous
 o - a piece from Xom's chessboard (15/15)
 K - a lightning rod (4/4)
 L - a phial of floods


   Skills:
 + Level 0.8 Fighting
 + Level 1.0 Staves
 + Level 3.0 Dodging
 - Level 2.4 Stealth
 - Level 10.0 Spellcasting
 - Level 10.0 Conjurations
 - Level 7.0 Hexes
 - Level 7.0 Summonings
 + Level 5.7 Necromancy
 - Level 7.0 Translocations
 - Level 7.0 Ice Magic
 - Level 6.0 Evocations


You had 9 spell levels left.
You knew the following spells:

 Your Spells              Type           Power      Damage    Failure   Level
a - Magic Dart            Conj           100%       1d8       1%          1
b - Searing Ray           Conj           100%       2d8       1%          2
c - Fulminant Prism       Conj/Hex       28%        3d14      1%          4
d - Iskenderun's Mystic   Conj/Tloc      57%        2d12      1%          4
e - Dazzling Flash        Conj/Hex       100%       N/A       1%          3
f - Frozen Ramparts       Ice            100%       1d12      1%          3
g - Summon Ice Beast      Ice/Summ       68%        N/A       2%          4

Your spell library contained the following spells:

 Spells                   Type           Power      Damage    Failure   Level
 Portal Projectile        Hex/Tloc       100%       N/A       1%          3
 Hailstorm                Conj/Ice       75%        3d15      1%          4
 Ice Form                 Ice/Tmut       50%        N/A       10%         4
 Excruciating Wounds      Necr           23%        N/A       11%         5
 Irradiate                Conj/Tmut      21%        3d20      14%         5
 Simulacrum               Ice/Necr       32%        N/A       41%         6
 Blade Hands              Tmut           7%         N/A       73%         5
 Dragon Form              Tmut           7%         N/A       100%        7


Dungeon Overview and Level Annotations

Branches:
Dungeon (10/15)            Temple (1/1) D:5             Orc (0/2) D:9
  Sewer (visited)
   Lair: D:8-11

Altars:
Ashenzari
Cheibriados
Dithmenos
Elyvilon
Fedhas
Gozag
Hepliaklqana
Kikubaaqudgha
Makhleb
Nemelex Xobeh
Okawaru
Qazlal
Ru
Sif Muna
Trog
Uskayaw
Vehumet
Wu Jian
Xom
Yredelemnul
Zin
The Shining One

Shops:
D:5 :   D:7 ?

Portals:
Trove: D:10 (give +3 shadow dragon scales)

Annotations:
D:10 Harold


Message History

The searing ray misses Harold. (Press . to maintain the ray.)
* * * LOW HITPOINT WARNING * * *
You feel very sick.
Harold throws a throwing net.
The throwing net hits you.
You become entangled in the net!
The searing ray hits Harold!
Harold is almost dead.
You feel very sick. Harold fires a harpoon shot at you.
The harpoon shot hits you.
* * * LOW HITPOINT WARNING * * *
You are yanked forward by the harpoon shot.
Okay, then.
Casting: Searing Ray (safe; 1% risk of failure)
Confirm with . or Enter, or press ? or * to list all spells.
You don't have enough magic to cast this spell.
Okay, then.
Okay, then.
You feel better.
Harold hits you with a +0 trident of venom!
* * * LOW HITPOINT WARNING * * *
You are lethally poisoned!
Casting: Searing Ray (safe; 1% risk of failure)
Confirm with . or Enter, or press ? or * to list all spells.
You don't have enough magic to cast this spell.
You feel better.
Harold hits you with a +0 trident of venom!
* * * LOW HITPOINT WARNING * * *
You are lethally poisoned!
Okay, then.
Press: ? - help, v - describe, . - travel, g - get item
Here: Harold, wielding a +0 trident of venom, wearing a +0 chain mail and quivering a throwing net (almost dead)
Items here: a +0 dagger; a +0 robe; a kobold corpse.
The floor.
You fade into invisibility!
* * * LOW HITPOINT WARNING * * *
You feel sick.
Harold hits you with a +0 trident of venom!
You die...

........#..........#
........#..........#
..#####'#...##'#...#
.....#..#...#..#(..#
.....#..#...#..#..(#
.....#..#...#..#...#
.(...#..#####...)..#
###'###'#.......@..#
....#...# ####@).#
....#...# #..()).#
######### #......#
........# #......#
........# #......#
######### ########


You could see Harold.

Vanquished Creatures
  3 two-headed ogres
  Pikel (D:4)
  A manticore (D:10)
  2 kobold demonologists (D:10)
  Maggie (D:8)
  2 trolls (D:9)
  Grinder (D:5)
  A meliai zombie (D:9)
  Sigmund (D:4)
  The ghost of osoart the Insei, an amateur DgTm (D:3)
  A steam dragon (D:9)
  Menkaure (D:4)
  4 vampire mosquitoes (D:10)
  An acid dragon (D:6)
  2 water moccasins (D:7)
  3 black bears
  6 orc warriors (D:9)
  An ice beast (D:4)
  2 necrophages
  An ogre (D:5)
  3 centaurs
  4 kobold brigands
  3 bullfrogs
  A scorpion (D:4)
  A gnoll sergeant (D:9)
  13 killer bees
  2 electric eels (D:9)
  3 howler monkeys
  3 wights (D:6)
  4 crimson imps (D:6)
  8 centaur zombies
  7 hounds
  A jelly (D:4)
  A centaur skeleton (D:7)
  5 orc priests
  3 gnoll shamans
  8 orc wizards
  Ijyb (D:3)
  4 iguanas
  Natasha (thrice) (D:4)
  A scorpion zombie (D:5)
  A mummy (D:6)
  17 gnolls
  A howler monkey skeleton (D:4)
  5 adders
  2 shadow imps
  A white imp (D:6)
  An ufetubus (D:6)
  2 adder skeletons
  3 worms
  30 orcs
  12 ball pythons
  6 bats
  7 endoplasms
  11 giant cockroaches
  3 goblins
  8 hobgoblins
  9 jackals
  6 quokkas
  11 frilled lizards
  A hobgoblin zombie (D:6)
  24 kobolds
  A kobold zombie (D:6)
  2 orc zombies (D:6)
  4 rats
283 creatures vanquished.

Vanquished Creatures (collateral kills)
  A sky beast (D:8)
  2 orcs (D:8)
3 creatures vanquished.

Vanquished Creatures (others)
  A butterfly (D:6)
  119 fulminant prisms
  4 fungi (D:3)
124 creatures vanquished.

Grand Total: 410 creatures vanquished

Notes
Turn   | Place    | Note
-------+----------+-------------------------------------------
     0 | D:1      | rabbi the Deep Elf Conjurer began the quest for the Orb.
     0 | D:1      | Reached XP level 1. HP: 10/10 MP: 6/6
   226 | D:1      | Reached XP level 2. HP: 11/15 MP: 1/8
   229 | D:1      | Learned a level 2 spell: Searing Ray
   403 | D:1      | Reached skill level 5 in Conjurations
   674 | D:1      | Reached skill level 1 in Hexes
  1397 | D:2      | Reached XP level 3. HP: 19/19 MP: 7/9
  1695 | D:2      | Found a faded altar of an unknown god.
  1862 | D:3      | Found a glowing drain.
  1879 | Sewer    | Entered a sewer
  1913 | Sewer    | Reached XP level 4. HP: 24/24 MP: 0/10
  2072 | Sewer    | Noticed a bullfrog
  2075 | Sewer    | Killed a bullfrog
  2076 | Sewer    | Reached skill level 5 in Hexes
  2076 | Sewer    | Reached XP level 5. HP: 20/28 MP: 7/13
  2439 | D:3      | Learned a level 4 spell: Fulminant Prism
  2652 | D:3      | Found a runed translucent gate.
  2652 | D:3      | Found a runed translucent gate.
  2652 | D:3      | Found a runed translucent gate.
  2652 | D:3      | Noticed osoart's ghost (amateur DgTm)
  2845 | D:3      | Noticed Ijyb
  2855 | D:3      | Killed Ijyb
  3117 | D:3      | Killed osoart's ghost
  3118 | D:3      | Reached skill level 5 in Spellcasting
  3118 | D:3      | Reached XP level 6. HP: 29/32 MP: 10/15
  3282 | D:4      | Noticed an ice beast
  3433 | D:4      | Noticed Pikel
  3461 | D:4      | Killed Pikel
  3462 | D:4      | Reached XP level 7. HP: 26/36 MP: 7/16
  3535 | D:4      | Reached skill level 5 in Translocations
  3535 | D:4      | Reached XP level 8. HP: 36/41 MP: 3/18
  3540 | D:4      | Learned a level 4 spell: Iskenderun's Mystic Blast
  3582 | D:4      | Noticed Sigmund
  3591 | D:4      | Killed Sigmund
  3605 | D:4      | Noticed Menkaure
  3611 | D:4      | Killed Menkaure
  3801 | D:4      | Found an iron altar of Okawaru.
  3852 | D:4      | Noticed Natasha
  3855 | D:4      | Killed Natasha
  4049 | D:4      | Noticed Natasha
  4052 | D:4      | Killed Natasha
  4062 | D:4      | Found an ornate altar of the Wu Jian Council.
  4065 | D:4      | Found a sacrificial altar of Ru.
  4256 | D:4      | Found an ornate altar of the Wu Jian Council.
  4337 | D:4      | Found an iron altar of Okawaru.
  4489 | D:4      | Noticed Natasha
  4571 | D:4      | Found a sacrificial altar of Ru.
  4708 | D:4      | Killed Natasha
  4752 | D:5      | Entered Level 5 of the Dungeon
  4904 | D:5      | Found Noinoz's Self-Improvement Boutique.
  4937 | D:5      | Noticed Grinder
  4943 | D:5      | Killed Grinder
  4944 | D:5      | Reached XP level 9. HP: 45/45 MP: 16/21
  5222 | D:5      | Found a staircase to the Ecumenical Temple.
  5231 | Temple   | Entered the Ecumenical Temple
  5350 | D:5      | Learned a level 3 spell: Dazzling Flash
  5628 | D:5      | Learned a level 3 spell: Frozen Ramparts
  5799 | D:5      | Found Noinoz's Self-Improvement Boutique.
  6233 | D:5      | Found a staircase to the Ecumenical Temple.
  6362 | D:6      | Found a shimmering altar of Xom.
  6377 | D:6      | Reached skill level 1 in Ice Magic
  6746 | D:6      | Reached skill level 10 in Conjurations
  6966 | D:6      | Found a white marble altar of Elyvilon.
  7396 | D:7      | Reached skill level 5 in Ice Magic
  7835 | D:7      | Found a shimmering blue altar of Sif Muna.
  7841 | D:7      | Learned a level 4 spell: Summon Ice Beast
  7843 | D:7      | Became a worshipper of Sif Muna the Loreminder
  7874 | D:7      | Reached skill level 1 in Summonings
  8023 | D:7      | Reached XP level 10. HP: 44/50 MP: 18/22
  8026 | D:7      | Found the +7 Kryia's mail coat {PotionHeal*2 rC+}
  8149 | D:7      | Found Nephoru's Magic Scroll Emporium.
  8157 | D:7      | Bought a scroll of magic mapping for 45 gold pieces
  8157 | D:7      | Bought a scroll of identify for 26 gold pieces
  8157 | D:7      | Bought a scroll of fog for 26 gold pieces
  8157 | D:7      | Bought a scroll of identify for 26 gold pieces
  8157 | D:7      | Bought a scroll of teleportation for 39 gold pieces
  8157 | D:7      | Bought a scroll of blinking for 97 gold pieces
  8157 | D:7      | Bought a scroll of teleportation for 39 gold pieces
  8626 | D:8      | Noticed Maggie
  8636 | D:8      | Killed Maggie
  8912 | D:8      | Reached skill level 5 in Summonings
  9534 | D:9      | Noticed a two-headed ogre
  9617 | D:9      | Found a stormy altar of Qazlal.
  9620 | D:9      | Reached * piety under Sif Muna
  9712 | D:9      | Found a shadowy altar of Dithmenos.
 10383 | D:9      | Killed a two-headed ogre
 10636 | D:9      | Noticed a two-headed ogre
 10642 | D:9      | Killed a two-headed ogre
 10643 | D:9      | Reached skill level 10 in Spellcasting
 11103 | D:9      | Reached XP level 11. HP: 54/54 MP: 22/27
 11224 | D:9      | Reached ** piety under Sif Muna
 11236 | D:9      | Reached skill level 5 in Evocations
 11288 | D:9      | Found a staircase to the Orcish Mines.
 11776 | D:10     | Entered Level 10 of the Dungeon
 11836 | D:10     | Found an ancient bone altar of Kikubaaqudgha.
 11886 | D:10     | Reached skill level 1 in Necromancy
 12205 | D:10     | Noticed a two-headed ogre
 12214 | D:10     | Killed a two-headed ogre
 12335 | D:10     | Reached skill level 5 in Necromancy
 12433 | D:10     | Found a portal to a secret trove of treasure.
 12607 | D:10     | Reached skill level 1 in Staves
 12612 | D:10     | Noticed Harold
 12635 | D:10     | HP: 2/55 [poisoned by Harold]
 12635 | D:10     | Mangled by Harold

Illustrated notes

Levels and vault maps discovered:
D:1:      sevenhm_arrival_forest_fort_small_4, layout_loops_corners,
          patterned_corridor
D:2:      layout_rooms, shapermc_ecumenical_altar_pompeii, grunt_ministairs_1
D:3:      layout_basic, gammafunk_ghost_nasty_kobolds, portal_sewer_entry_f,
          nrook_loot_triangle, uniq_ijyb
D:4:      layout_loops_ring, old_standard_altar, nicolae_overflow_squiral,
          st_stairs_9, uniq_pikel, uniq_sigmund, uniq_menkaure, uniq_natasha
D:5:      layout_gridville, minmay_temple_entry_statues_fountains,
          nicolae_shop_self_help, uniq_grinder
D:6:      layout_basic, led_xom_imps, nicolae_elyvilon_peaceful_grove,
          minmay_mini_ossuary
D:7:      layout_loops_cross, kennysheep_mini_moat, serial_shops, shop,
          chequers_serial_rivers_small_3, eino_jars
D:8:      layout_basic, uniq_maggie
D:9:      layout_cave_pools, lemuel_crystal_altar, mainiacjoe_overflow_catwalk,
          erik_orc_2
D:10:     layout_grid_maze, kiku_gazebo_pond_becter,
          nicolae_trove_entry_free_sample, uniq_harold
Temple:   cyrus_circular_temple

Skill      XL: |  1  2  3  4  5  6  7  8  9 10 11 |
---------------+----------------------------------+-----
Conjurations   | 5 6 8 9 10 | 10.0
Hexes          | 2 4 5 6 7 |  7.0
Spellcasting   | 4 5 7 10 | 10.0
Translocations | 4 5 6 7 |  7.0
Ice Magic      | 6 7 |  7.0
Summonings     | 1 7 |  7.0
Evocations     | 4 6 |  6.0
Necromancy     | 5 |  5.7
Staves         | 1 |  1.0
Dodging        | 3 |  3.0
Fighting       | |  0.8
Stealth        | |  2.4

Action                   |  1- 3 |  4- 6 |  7- 9 | 10-12 || total
-------------------------+-------+-------+-------+-------++-------
Melee: Dagger            |       |       |     1 |       ||     1
 Cast: Magic Dart        |    50 |    44 |    63 |    58 ||   215
       Searing Ray       |    19 |    19 |    60 |    57 ||   155
       Fulminant Prism   |       |       |    47 |    73 ||   120
       Iskenderun's Myst |       |       |     5 |    26 ||    31
       Summon Ice Beast  |       |       |       |     5 ||     5
  Use: Scroll            |       |       |     6 |     5 ||    11
       Potion            |       |       |       |     6 ||     6
Armor: Robe              |     1 |     4 |    11 |    17 ||    33
Dodge: Dodged            |     1 |    13 |    28 |    53 ||    95
